 Dungeon Crawl Stone Soup version 0.22.0-49-gab54619 (webtiles) character file.

96 Fang the Skirmisher (level 4, -1/43 HPs)
             Began as a Gargoyle Berserker on Sept 6, 2018.
             Was a Believer of Trog.
             Slain by an orc wizard
             ... wielding a +0 dagger
              (2 damage)
             ... on level 3 of the Dungeon.
             The game lasted 00:02:46 (2292 turns).

Fang the Skirmisher (Gargoyle Berserker)            Turns: 2292, Time: 00:02:47

Health: -1/43      AC:  5    Str: 27    XL:     4   Next: 67%
Magic:  4/4        EV: 12    Int:  7    God:    Trog [**....]
Gold:   71         SH:  0    Dex:  9    Spells: 3/3 levels left

rFire    + . .     SeeInvis .   a - +0 hand axe
rCold    x . .     Gourm    .   (no shield)
rNeg     + . .     Faith    .   b - +0 animal skin
rPois    ∞         Spirit   .   (no helmet)
rElec    +         Reflect  .   (no cloak)
rCorr    .         Harm     .   (no gloves)
MR       .....                  (no boots)
Stlth    ..........             (no amulet)
HPRegen  0.14/turn              i - ring of fire
MPRegen  0.09/turn              j - ring of stealth

@: berserking (expiring), very quick
A: negative energy resistance 1, electricity resistance, unbreathing,
petrification resistance, rot immunity, AC +3
a: Berserk, Trog's Hand, Renounce Religion


You were on level 3 of the Dungeon.
You worshipped Trog.
Trog was pleased with you.
You were near starving.

You visited 1 branch of the dungeon, and saw 3 of its levels.

You collected 71 gold pieces.

Inventory:

Hand Weapons
 a - a +0 hand axe (weapon)
Armour
 b - a +0 animal skin (worn)
Jewellery
 i - a ring of fire (left hand)
 j - a ring of stealth (right hand)
 q - a +2 ring of intelligence {unknown}
Scrolls
 e - 2 scrolls of remove curse {unknown}
 f - 7 scrolls of identify {unknown}
 g - 2 scrolls of enchant weapon {unknown}
 n - a scroll of fear {unknown}
 p - a scroll of magic mapping {unknown}
Potions
 d - a potion of flight {unknown}
 h - a potion of heal wounds {unknown}
 k - a potion of agility {unknown}
 l - a potion of haste {unknown}
 m - a potion of degeneration {unknown}
Comestibles
 c - 5 rations
 o - a chunk of flesh


   Skills:
 + Level 4.2 Fighting
 + Level 3.8 Axes
 - Level 2.4 Armour
 - Level 2.0 Dodging
 + Level 0.3 Stealth


You had 3 spell levels left.
You didn't know any spells.
Your spell library was empty.

Dungeon Overview and Level Annotations

Branches:
Dungeon (3/15)

Altars:
Elyvilon
Fedhas
Qazlal
Ru
Zin
The Shining One


Innate Abilities, Weirdness & Mutations

You are resistant to torment.
Your stone body is resilient. (AC +3)
You are immune to poison.
You resist negative energy. (rN+)
You are resistant to electric shocks. (rElec)
You can survive without breathing.
You are immune to petrification.
You are immune to rotting.


Message History

The orc wizard points at you and mumbles some strange words.
The magic dart hits you!
* * * LOW HITPOINT WARNING * * *
You slash the orc wizard!
The orc wizard is heavily wounded.
You closely miss the kobold. The orc wizard hits you with a dagger.
* * * LOW HITPOINT WARNING * * *
Unknown command.
You barely miss the orc wizard.
The orc wizard is heavily wounded.
You slash the kobold!
You kill the kobold!
Trog accepts your kill. The orc wizard hits you with a dagger.
* * * LOW HITPOINT WARNING * * *
Unknown command.
You barely miss the orc wizard.
The orc wizard is heavily wounded.
The orc wizard hits you with a dagger.
You die...

#.# #...# #.# ##
#.# .# #.# .##
#.# ..# #.# ..
### #.# .#...#.
#.########.......
#(...)..(@o......
##########)...%..
....... .......
.....#. .......
.#.#.## .#.#.#


You could see an orc wizard.

Vanquished Creatures
  2 adders
  2 worms (D:2)
  A dart slug (D:1)
  2 leopard geckos
  4 orcs (D:3)
  5 giant cockroaches
  8 goblins
  7 hobgoblins
  3 jackals (D:2)
  12 kobolds
  3 quokkas (D:2)
  A ball python (D:2)
  4 bats
  4 frilled lizards
  A rat (D:2)
59 creatures vanquished.

Notes
Turn   | Place    | Note
-------+----------+-------------------------------------------
     0 | D:1      | Fang the Gargoyle Berserker began the quest for the Orb.
     0 | D:1      | Reached XP level 1. HP: 14/14 MP: 1/1
   137 | D:1      | Reached XP level 2. HP: 19/19 MP: 2/2
   745 | D:2      | Reached XP level 3. HP: 8/24 MP: 3/3
   956 | D:2      | Found a sacrificial altar of Ru.
  1280 | D:2      | Reached ** piety under Trog
  1530 | D:2      | Found a glowing golden altar of the Shining One.
  1530 | D:2      | Found a glowing silver altar of Zin.
  1531 | D:2      | Found a white marble altar of Elyvilon.
  1601 | D:2      | Reached skill level 4 in Fighting
  1610 | D:2      | Reached XP level 4. HP: 25/29 MP: 4/4
  2198 | D:3      | Found a blossoming altar of Fedhas.
  2218 | D:3      | Found a stormy altar of Qazlal.
  2290 | D:3      | HP: 2/43 [orc wizard/dagger (1)]
  2292 | D:3      | Slain by an orc wizard

Skill      XL: |  1  2  3 |
---------------+----------+-----
Axes           | 3 |  3.8
Dodging        | 2 |  2.0
Fighting       | 4 |  4.2
Armour         | |  2.4
Stealth        | |  0.3

Action                   |  1- 3 |  4- 6 || total
-------------------------+-------+-------++-------
Melee: Hand axe          |   110 |    75 ||   185
Invok: Berserk           |     1 |     2 ||     3
 Stab: Sleeping          |     2 |       ||     2
  Eat: Chunk             |     3 |     3 ||     6
Armor: Animal skin       |    49 |    19 ||    68
Dodge: Dodged            |    96 |    41 ||   137
